AoeStats
← 念

Arena

508715995Analyzed
4v4 RM · 9d ago on Sep 23, 2026· 43m 0s· 8 players
Game mode
Random Map
Map size
Large (8 player)
Population
200
Speed
Normal
Resources
Standard
Victory
Conquest
Starting age
Dark Age
Ending age
Imperial Age
RankedLock teamsTeams togetherTeam positionsShared explorationLock speedFull tech treeHidden civsTurbo modeCheats
Victory
Defeat
🇺🇸 Bohemians · United States
1297
+13
🇫🇷 Italians · France
1287
+14
🇦🇷 Bengalis · Argentina
1267
+15
🇲🇽 Varangians · Mexico
1220
+17
🇫🇷 Ethiopians · France
1300
-18
🇨🇳 Bohemians · China
1244
-15
🇬🇧 Teutons · United Kingdom
1232
-14
🇫🇷 Mongols · France
1169
-12
Weafol
11:02 Feudal Age
15:39 Castle Age
13:47 Horse Collar
14:43 Double-Bit Axe
17:12 Wheelbarrow
18:07 Bow Saw
18:00 Heavy Plow
20:47 Loom
21:20 Hand Cart
21:00 Loom
22:45 Gold Mining
22:45 Stone Mining
22:57 Stone Mining
27:51 Imperial Age
26:31 Padded Archer Armor
26:22 Fletching
26:54 Ballistics
27:53 Leather Archer Armor
27:55 Bodkin Arrow
28:11 Elite Elephant Archer
29:25 Ring Archer Armor
30:06 Chemistry
30:04 Conscription
30:11 Bracer
32:44 Crop Rotation
33:17 Two-Man Saw
34:21 Mahayana
35:03 Bloodlines
34:54 Husbandry
38:32 Gold Shaft Mining
39:38 Masonry
bailey
10:23 Feudal Age
14:12 Castle Age
12:12 Double-Bit Axe
12:38 Horse Collar
15:13 Bow Saw
23:24 Wheelbarrow
23:03 Fervor
23:54 Heavy Plow
24:41 Hand Cart
28:47 Imperial Age
26:09 Pikeman
26:49 Squires
27:09 Town Watch
28:32 Chemistry
27:40 Loom
28:07 Padded Archer Armor
27:58 Fletching
28:07 Elite Skirmisher
29:04 Leather Archer Armor
30:26 Conscription
30:14 Siege Engineers
30:10 Bodkin Arrow
30:51 Ring Archer Armor
30:24 Scale Mail Armor
32:05 Two-Man Saw
31:46 Wagenburg Tactics
32:09 Sanctity
32:35 Bracer
32:51 Chain Mail Armor
34:11 Plate Mail Armor
33:52 Forging
33:49 Houfnice
35:49 Masonry
36:55 Iron Casting
37:16 Architecture
37:01 Murder Holes
39:07 Blast Furnace
38:50 Fortified Wall
41:52 Ballistics
tc-Hawx
10:18 Feudal Age
14:16 Castle Age
12:14 Horse Collar
12:20 Double-Bit Axe
14:55 Loom
16:35 Bow Saw
20:57 Wheelbarrow
22:08 Hand Cart
22:56 Gold Mining
25:16 Scale Mail Armor
28:10 Imperial Age
26:28 Squires
26:14 Arson
26:46 Chain Mail Armor
26:37 Stone Mining
27:22 Forging
28:52 Iron Casting
30:03 Chemistry
29:56 Plate Mail Armor
29:44 Masonry
30:59 Fletching
31:54 Crossbowman
33:59 Padded Archer Armor
34:02 Heavy Plow
34:46 Conscription
36:00 Two-Man Saw
35:20 Arbalester
37:02 Leather Archer Armor
37:50 Architecture
38:37 Crop Rotation
38:52 Bodkin Arrow
40:03 Ring Archer Armor
40:14 Ballistics
40:05 Thumb Ring
40:49 Bracer
jusart.92
9:56 Feudal Age
11:22 Loom
14:05 Castle Age
13:35 Forging
13:34 Arson
14:50 Gambesons
21:59 Scale Mail Armor
23:54 Squires
24:17 Squires
27:02 Iron Casting
26:43 Chain Mail Armor
27:20 Town Watch
28:11 Double-Bit Axe
33:02 Scale Barding Armor
34:18 Bloodlines
34:09 Husbandry
34:59 Chain Barding Armor
36:52 Horse Collar
37:26 Bow Saw
38:37 Wheelbarrow
40:40 Gold Mining
40:41 Stone Mining
41:16 Hand Cart
41:02 Town Patrol
41:29 Vendel Legacy
45:58 Imperial Age
Gareth Southgate
11:04 Feudal Age
12:25 Double-Bit Axe
15:46 Castle Age
14:05 Horse Collar
17:03 Forging
17:05 Man-at-Arms
17:49 Scale Mail Armor
18:05 Long Swordsman
24:27 Squires
25:25 Stone Mining
26:44 Stone Shaft Mining
27:25 Wheelbarrow
27:28 Heavy Plow
28:16 Gold Mining
28:42 Bow Saw
30:34 Hand Cart
32:10 Bloodlines
32:22 Loom
33:27 Scale Barding Armor
36:36 Chain Barding Armor
42:19 Imperial Age
40:54 Elite Skirmisher
Blondie
11:07 Feudal Age
15:07 Castle Age
13:13 Horse Collar
13:21 Double-Bit Axe
16:11 Bow Saw
16:38 Heavy Plow
28:39 Imperial Age
27:22 Fletching
27:32 Padded Archer Armor
28:24 Wheelbarrow
28:01 Thumb Ring
28:00 Stone Mining
28:52 Bodkin Arrow
29:12 Leather Archer Armor
30:50 Chemistry
29:45 Gold Mining
30:16 Hand Cart
30:55 Bracer
31:51 Forging
31:42 Scale Mail Armor
31:47 Scale Barding Armor
33:21 Gold Shaft Mining
33:28 Stone Shaft Mining
32:54 Heavy Camel Rider
37:09 Siege Engineers
36:38 Onager
38:32 Caravan
39:54 Iron Casting
39:34 Chain Mail Armor
39:51 Ballistics
41:02 Fortified Wall
41:31 Drill
BlueStaR
12:18 Feudal Age
14:03 Horse Collar
14:08 Double-Bit Axe
14:14 Gold Mining
17:45 Castle Age
17:15 Stone Mining
18:46 Bow Saw
18:59 Heavy Plow
20:20 Wheelbarrow
21:31 Hand Cart
28:41 Imperial Age
26:37 Ballistics
25:40 Crossbowman
26:12 Fletching
27:49 Thumb Ring
28:29 Gold Shaft Mining
28:30 Stone Shaft Mining
28:19 Bodkin Arrow
28:44 Arbalester
29:31 Bracer
31:05 Chemistry
30:19 Padded Archer Armor
31:08 Conscription
31:58 Leather Archer Armor
31:43 Scale Mail Armor
31:53 Forging
34:04 Royal Heirs
37:00 Chain Mail Armor
39:20 Two-Man Saw
38:35 Elite Shotel Warrior
40:14 Squires
41:19 Man-at-Arms
41:44 Arson
42:46 Plate Mail Armor
42:51 Iron Casting
42:47 Ring Archer Armor
41:51 Elite Skirmisher
42:07 Long Swordsman
42:51 Two-Handed Swordsman
念
7:20 Loom
11:25 Feudal Age
15:03 Castle Age
12:56 Double-Bit Axe
13:48 Horse Collar
21:25 Wheelbarrow
20:36 Town Watch
23:53 Hand Cart
24:11 Bow Saw
24:11 Heavy Plow
29:12 Imperial Age
27:37 Fervor
27:32 Scale Mail Armor
27:42 Forging
28:52 Chemistry
28:49 Squires
28:35 Arson
28:11 Pikeman
29:33 Chain Mail Armor
29:53 Iron Casting
29:22 Halberdier
31:46 Plate Mail Armor
31:26 Padded Archer Armor
32:36 Leather Archer Armor
33:41 Two-Man Saw
33:15 Plate Mail Armor
33:33 Crossbowman
34:43 Crossbowman
36:57 Fletching
38:28 Bodkin Arrow
38:10 Arbalester
39:53 Siege Engineers
41:24 Bodkin Arrow
41:59 Ring Archer Armor
Connection lost

Rejoining the realm…

Still unreachable

The connection could not be restored.

Session expired

The server has moved on; the page needs a fresh start.